 Dungeon Crawl Stone Soup version 0.19-a0-1790-g026f1ef (webtiles) character file.

70 Proteus the Covert (level 4, 0/22 HPs)
             Began as a Spriggan Assassin on Oct 4, 2016.
             Slain by a goblin
             ... wielding a +0 dagger
             ... led by Robin
              (3 damage)
             ... on level 2 of the Dungeon.
             The game lasted 00:02:53 (1686 turns).

Proteus the Covert (Spriggan Assassin)              Turns: 1686, Time: 00:02:54

Health: 0/22       AC:  3    Str:  7    XL:     4   Next: 4%
Magic:  5/5        EV: 17    Int: 12    God:
Gold:   66         SH:  0    Dex: 18    Spells: 0 memorised, 3 levels left

rFire  . . .     SeeInvis +     o - +2 dagger (drain)
rCold  . . .     Gourm    .     c - +0 robe
rNeg   . . .     Faith    .     (shield restricted)
rPois  .         Spirit   .     (helmet restricted)
rElec  .         Dismiss  .     d - +0 cloak
rCorr  .         Reflect  .     (gloves unavailable)
MR     .....     Harm     .     (boots unavailable)
Stlth  +++++.....               (no amulet)
                                (no ring)
                                (no ring)

@: very quick
A: unfitting armour, see invisible, herbivore 3, speed 3, slow metabolism 2
a: no special abilities


You were on level 2 of the Dungeon.
You were not hungry.

You visited 1 branch of the dungeon, and saw 2 of its levels.

You collected 66 gold pieces.

Inventory:

Hand Weapons
 a - a +2 dagger
 b - a +0 blowgun
 o - a +2 dagger of draining (weapon)
Missiles
 e - 8 poisoned needles
 f - 2 curare-tipped needles
Armour
 c - a +0 robe (worn)
 d - a +0 cloak (worn)
Scrolls
 k - a scroll of teleportation
Potions
 h - a potion of resistance
 l - a potion of curing
Comestibles
 g - 2 bread rations


   Skills:
 - Level 1.5 Fighting
 - Level 2.1 Short Blades
 - Level 2.0 Throwing
 - Level 1.5 Dodging
 + Level 8.5 Stealth


You had 3 spell levels left.
You didn't know any spells.

Dungeon Overview and Level Annotations

Branches:
Dungeon (2/15)

Altars:
Qazlal
Vehumet

Annotations:
D:2 Robin


Innate Abilities, Weirdness & Mutations

You are very small and have problems with some larger weapons.
You are too small for most types of armour.
You have supernaturally acute eyesight. (SInv)
You are a herbivore.
You cover ground extremely quickly.
You need consume almost no food.


Message History

You hit the hobgoblin.
The hobgoblin is heavily wounded.
The hobgoblin hits you but does no damage.
You hit the hobgoblin.
You kill the hobgoblin!
The hobgoblin hits you with a club!
You hit the hobgoblin. You drain the hobgoblin!
You kill the hobgoblin!
The hobgoblin completely misses you.
You hit the goblin. You drain the goblin!
The goblin is severely wounded.
The goblin hits you with a dagger. The hobgoblin closely misses you.
The goblin barely misses you.
You completely miss the goblin.
The goblin is severely wounded.
The goblin barely misses you. The hobgoblin hits you with a club.
* * * LOW HITPOINT WARNING * * *
You are too injured to fight recklessly!
You hit the goblin but do no damage. The goblin hits you with a dagger.
You die...

#...#.#....# .........#.#
###........#.#######g.#.####
......#....#..........#.#..
##########.#########.##.#.#
........ .............#.#
######## ########......##
#########..........g..._...#
....)..(..>#######gg.......##
#######.#.......@gg.........#
# #........###.....8....# #
#........# #..........# #
#####........# #.).......## .
..##........####...._...#
####.##.#.........)......###
...#.##.#.################
..........# ...#.##.###


You could see Robin, a hobgoblin and 3 goblins.

Vanquished Creatures
  Ijyb (D:2)
  A worm (D:2)
  2 dart slugs (D:1)
  A leopard gecko (D:1)
  A giant cockroach (D:2)
  7 goblins
  8 hobgoblins
  4 kobolds
  A quokka (D:2)
  5 bats
  3 frilled lizards
34 creatures vanquished.

Notes
Turn   | Place    | Note
-------+----------+-------------------------------------------
     0 | D:1      | Proteus the Spriggan Assassin began the quest for the Orb.
     0 | D:1      | Reached XP level 1. HP: 10/10 MP: 2/2
    42 | D:1      | Reached skill level 6 in Stealth
   284 | D:1      | Reached XP level 2. HP: 14/14 MP: 3/3
   821 | D:1      | Reached skill level 7 in Stealth
  1131 | D:1      | Reached XP level 3. HP: 16/18 MP: 4/4
  1344 | D:2      | Noticed Ijyb
  1351 | D:2      | Killed Ijyb
  1351 | D:2      | Reached skill level 8 in Stealth
  1452 | D:2      | Found a radiant altar of Vehumet.
  1512 | D:2      | Found a stormy altar of Qazlal.
  1532 | D:2      | Noticed Robin
  1568 | D:2      | Reached XP level 4. HP: 22/22 MP: 5/5
  1686 | D:2      | Slain by a goblin

Vault maps used:
D:1:      eino_arrival_water_star, minmay_pentomino_x4
D:2:      grunt_temple_overflow_open, uniq_iyjb, uniq_robin

Skill      XL: |  1  2  3 |
---------------+----------+-----
Stealth        | 6 7 8 |  8.5
Fighting       | |  1.5
Short Blades   | |  2.1
Throwing       | |  2.0
Dodging        | |  1.5

Action                   |  1- 3 |  4- 6 || total
-------------------------+-------+-------++-------
Melee: Dagger            |    80 |     7 ||    87
  Use: Scroll            |     6 |     1 ||     7
       Potion            |     1 |       ||     1
 Stab: Sleeping          |    11 |       ||    11
       Distracted        |     1 |       ||     1
Armor: Robe              |     4 |     1 ||     5
       Skin              |     1 |       ||     1
Dodge: Dodged            |    34 |     5 ||    39
